 Dungeon Crawl Stone Soup version 0.17.0-24-gcfadda4 (webtiles) character file.

100 septik the Changer (level 4, -1/28 HPs)
             Began as an Octopode Transmuter on Nov 17, 2015.
             Slain by a worker ant (7 damage)
             ... on level 4 of the Dungeon.
             The game lasted 00:05:39 (2714 turns).

septik the Changer (Octopode Transmuter)            Turns: 2714, Time: 00:05:40

Health: -1/28      AC:  1    Str:  9    XL:     4   Next: 73%
Magic:  7/7        EV: 12    Int: 15    God:
Gold:   188        SH:  0    Dex: 13    Spells: 2 memorised, 3 levels left

rFire  . . .     SeeInvis .     l - +3 spear
rCold  . . .     Clarity  .     (no shield)
rNeg   . . .     SustAt   .     (helmet restricted)
rPois  .         Gourm    .     (no amulet)
rElec  .         Spirit   .     (no ring)
rCorr  .         Warding  .     (no ring)
rMut   .         Stasis   .     (no ring)
MR     .....                    (no ring)
Stlth  ++........               (no ring)
                                (no ring)
                                (no ring)
                                (no ring)

@: lethally poisoned (-1 -> -6), not resistant to hostile enchantments,
unstealthy
A: almost no armour, amphibious, 8 rings, constrict 8, camouflage 1, gelatinous
body 1
a: no special abilities


You were on level 4 of the Dungeon.
You were not hungry.

You visited 1 branch of the dungeon, and saw 4 of its levels.

You collected 188 gold pieces.

Inventory:

Hand Weapons
 l - a +3 spear (weapon)
Missiles
 a - 40 arrows
 h - 156 stones (quivered)
 r - 18 arrows of frost
Jewellery
 s - a +4 ring of strength {unknown}
Scrolls
 d - a scroll of identify {unknown}
 e - a scroll of magic mapping {unknown}
 f - 2 scrolls of remove curse {unknown}
 o - a scroll of enchant armour {unknown}
 p - 3 scrolls of random uselessness {unknown}
 q - a scroll of immolation {unknown}
 t - a scroll of amnesia {unknown}
 w - a scroll of fear {unknown}
Potions
 g - a potion of flight {unknown}
 i - 3 potions of curing {unknown}
 j - a potion of invisibility {unknown}
 k - 2 potions of ambrosia {unknown}
 n - a potion of beneficial mutation {unknown}
Books
 b - a book of Changes

   Spells                             Type                      Level
   a - Beastly Appendage              Transmutation                1
   b - Sticks to Snakes               Transmutation                2
   c - Spider Form                    Transmutation/Poison         3
   d - Ice Form                       Ice/Transmutation            4
   e - Blade Hands                    Transmutation                5
 v - a book of Callings

   Spells                             Type                      Level
   a - Summon Small Mammal            Summoning                    1
   b - Call Imp                       Summoning                    2
   c - Call Canine Familiar           Summoning                    3
   d - Summon Guardian Golem          Hexes/Summoning              3
   e - Summon Lightning Spire         Summoning/Air                4
   f - Summon Ice Beast               Ice/Summoning                4
Comestibles
 c - 4 bread rations
 m - 2 beef jerkies
 u - 2 meat rations


   Skills:
 - Level 1.0 Fighting
 - Level 2.0 Dodging
 - Level 3.0 Unarmed Combat
 - Level 2.0 Spellcasting
 * Level 4.8 Transmutations


You had 3 spell levels left.
You knew the following spells:

 Your Spells              Type           Power        Failure   Level  Hunger
a - Beastly Appendage     Trmt           ###...       3%          1    #......
b - Spider Form           Trmt/Pois      #.........   30%         3    ###....


Dungeon Overview and Level Annotations

Branches:
Dungeon (4/15)
 Temple: D:4-7

Altars:
Fedhas
Ru
Sif Muna

Annotations:
D:4 Eustachio


Innate Abilities, Weirdness & Mutations

You cannot wear most types of armour.
You are amphibious.
You can wear up to eight rings at the same time.
You can use your tentacles to constrict eight enemies at once.
Your skin changes colour to match your surroundings (Stealth).
Your rubbery body absorbs attacks (AC +1).


Message History

The worker ant is moderately wounded.
The worker ant bites you.
You barely miss the worker ant. Your grab misses the worker ant.
The worker ant is moderately wounded.
Eustachio shouts!
The worker ant bites you.
You are poisoned.
The worker ant poisons you! The worker ant barely misses you.
You hit the worker ant. Your grab misses the worker ant.
The worker ant is moderately wounded.
You feel sick. The worker ant bites you!
* * * LOW HITPOINT WARNING * * *
Eustachio mumbles some strange words.
Eustachio blinks!
* * * LOW HITPOINT WARNING * * *
You feel sick.
Unknown command.
* * * LOW HITPOINT WARNING * * *
You feel sick. The worker ant bites you!
You die...

..........##
.##.......##
##.......#
#.......#
##......##
#.......###
.........#.#
...........##
....####.@##
... ##a# ..
#.# #.# #..#
.ยง...
...####.
..### ## #


You could see a worker ant.

Vanquished Creatures
  2 adders (D:3)
  An ooze (D:2)
  3 worms
  5 giant geckos
  An orc (D:3)
  2 giant cockroaches
  5 goblins
  7 hobgoblins
  8 jackals
  8 kobolds
  A ball python (D:2)
  10 bats
  2 giant newts
  8 rats
63 creatures vanquished.

Notes
Turn   | Place    | Note
--------------------------------------------------------------
     0 | D:1      | septik the Octopode Transmuter began the quest for the Orb.
     0 | D:1      | Reached XP level 1. HP: 13/13 MP: 3/3
    72 | D:1      | Reached XP level 2. HP: 12/18 MP: 5/5
   854 | D:1      | Reached XP level 3. HP: 21/23 MP: 6/6
  1328 | D:2      | Learned a level 3 spell: Spider Form
  1731 | D:2      | Reached skill level 4 in Transmutations
  1972 | D:2      | Reached XP level 4. HP: 28/28 MP: 7/7
  2442 | D:3      | Found a sacrificial altar of Ru.
  2522 | D:3      | Found a deep blue altar of Sif Muna.
  2524 | D:3      | Found a blossoming altar of Fedhas.
  2708 | D:4      | Noticed Eustachio
  2714 | D:4      | Slain by a worker ant

Action                   |  1- 3 |  4- 6 || total
-------------------------+-------+-------++-------
Melee: Unarmed           |    51 |       ||    51
       Spear             |    53 |    49 ||   102
 Cast: Beastly Appendage |     5 |       ||     5
 Stab: Sleeping          |     5 |     6 ||    11
  Eat: Chunk             |     3 |     3 ||     6
